 Dungeon Crawl Stone Soup version 0.23-a0-310-gdcc7a32 (webtiles) character file.

74 galech the Covered (level 4, -4/35 HPs)
             Began as a Demonspawn Fighter on Oct 12, 2018.
             Killed by divine providence
             ... invoked by an orc priest
              (14 damage)
             ... on level 2 of the Dungeon.
             The game lasted 00:02:06 (1390 turns).

galech the Covered (Demonspawn Fighter)             Turns: 1390, Time: 00:02:07

Health: -4/35      AC: 11    Str: 16    XL:     4   Next: 10%
Magic:  4/4        EV:  2    Int: 10    God:
Gold:   17         SH:  9    Dex: 13    Spells: 3/3 levels left

rFire    . . .     SeeInvis .   a - +0 war axe
rCold    . . .     Gourm    .   c - +0 shield
rNeg     . . .     Faith    .   q - +0 plate armour
rPois    .         Spirit   .   (no helmet)
rElec    .         Reflect  .   (no cloak)
rCorr    .         Harm     .   (no gloves)
MR       .....                  (no boots)
Stlth    ..........             (no amulet)
HPRegen  0.11/turn              g - ring of stealth
MPRegen  0.09/turn              (no ring)

@: no status effects
A: rot immunity
a: no special abilities


You were on level 2 of the Dungeon.
You were not hungry.

You visited 1 branch of the dungeon, and saw 2 of its levels.

You collected 17 gold pieces.

Inventory:

Hand Weapons
 a - a +0 war axe (weapon)
Armour
 c - a +0 shield (worn)
 q - a +0 plate armour (worn)
Jewellery
 g - a ring of stealth (left hand)
Scrolls
 b - a scroll of identify {unknown}
 e - 3 scrolls of immolation {unknown}
 i - a scroll of blinking {unknown}
 k - a scroll of random uselessness {unknown}
 o - 2 scrolls of remove curse {unknown}
 p - a scroll of fear {unknown}
Potions
 d - a potion of might
 m - a potion of agility
Comestibles
 f - 4 rations


   Skills:
 + Level 3.3 Fighting
 + Level 2.4 Axes
 + Level 3.4 Armour
 + Level 0.4 Dodging
 + Level 3.1 Shields


You had 3 spell levels left.
You didn't know any spells.
Your spell library was empty.

Dungeon Overview and Level Annotations

Branches:
Dungeon (2/15)

Altars:


Innate Abilities, Weirdness & Mutations

You are immune to rotting.


Message History

The orc wizard hits you but does no damage.
The orc priest looks braver for a moment.
Your shield and plate armour prevent you from hitting the orc wizard.
The orc wizard hits you but does no damage.
The orc wizard gestures at you while chanting.
The magic dart hits you!
Your shield and plate armour prevent you from hitting the orc wizard.
The orc priest calls down the wrath of Beogh upon you.
Beogh smites you!
The orc wizard hits you but does no damage.
The orc priest calls down the wrath of Beogh upon you.
Beogh smites you!
* * * LOW HITPOINT WARNING * * *
You closely miss the orc wizard.
The orc wizard hits you but does no damage.
The orc wizard miscasts a cantrip.
You closely miss the orc wizard.
The orc priest calls down the wrath of Beogh upon you.
Beogh smites you!
You die...

. # # ## #.
#.#################
#.
#..oooo@..........#
###.
###########.......#
#... #.......# #...
#....)..# #...
#######.# #... #.#
#... #.# ###'
#.#####. #.......


You could see 2 orc priests, an orc wizard and an orc.

Vanquished Creatures
  Jessica (D:2)
  2 adders (D:2)
  3 worms (D:2)
  A bat (D:1)
  2 giant cockroaches
  6 goblins
  A hobgoblin (D:1)
  4 kobolds
  3 rats (D:1)
23 creatures vanquished.

Notes
Turn   | Place    | Note
-------+----------+-------------------------------------------
     0 | D:1      | galech the Demonspawn Fighter began the quest for the Orb.
     0 | D:1      | Reached XP level 1. HP: 18/18 MP: 1/1
   335 | D:1      | Gained mutation: You are immune to rotting. [demonic
                  | ancestry]
   335 | D:1      | Reached XP level 2. HP: 24/24 MP: 2/2
   588 | D:2      | Noticed Jessica
   592 | D:2      | Killed Jessica
   592 | D:2      | Reached XP level 3. HP: 29/29 MP: 3/3
   606 | D:2      | HP: 1/29 [poisoned by an adder]
  1272 | D:2      | Reached XP level 4. HP: 32/35 MP: 4/4
  1390 | D:2      | Killed from afar by an orc priest

Vault maps used:
D:1:      ebering_trefoil_3fold, palyth_stone_intersect
D:2:      first_ration, uniq_terence, uniq_jessica

Skill      XL: |  1  2 |
---------------+-------+-----
Axes           | 2 |  2.4
Armour         | 3 |  3.4
Shields        | 3 |  3.1
Fighting       | |  3.3
Dodging        | |  0.4

Action                   |  1- 3 |  4- 6 || total
-------------------------+-------+-------++-------
Melee: War axe           |    75 |    13 ||    88
  Use: Potion            |     4 |       ||     4
  Eat: Chunk             |     1 |     1 ||     2
Armor: Scale mail        |     9 |       ||     9
       Plate armour      |    50 |     6 ||    56
Dodge: Dodged            |    10 |       ||    10
Block: Shield            |    27 |     5 ||    32

Table legend:
 A = Non-vault XP
 B = Vault XP
 C = Vault XP percentage of total XP
 D = Non-vault monster count
 E = Vault monster count
 F = Vault count percentage of total count
                 A         B        C        D         E       F
            +---------+---------+-------+---------+---------+-------
      Total |      70 |      37 |  34.6 |      22 |       1 |   4.3
            +---------+---------+-------+---------+---------+-------
        D:1 |      20 |       0 |   0.0 |      12 |       0 |   0.0
        D:2 |      50 |      37 |  42.5 |      10 |       1 |   9.1
            +---------+---------+-------+---------+---------+-------
